 Dungeon Crawl Stone Soup version 0.31-b1-18-g61460d1e46 (webtiles) character file.

Game seed: 2677305398063494816

406 hawla the Ruffian (level 6, 0/72 HPs)
             Began as a Draconian Shapeshifter on Jan 16, 2024.
             Incinerated by a bombardier beetle (6 damage)
             ... with a burning spray
             ... on level 5 of the Dungeon.
             The game lasted 00:07:38 (3097 turns).

hawla the Ruffian (Draconian Shapeshifter)          Turns: 3097, Time: 00:07:38

Health: 0/72       AC: 23    Str: 19    XL:     6   Next: 56%
Magic:  6/6        EV:  2    Int: 10    God:
Gold:   233        SH:  0    Dex: 10    Spells: 5/5 levels left

rFire   . .          .
                       - Unarmed
rCold   . . .        (no shield)
rNeg    . . .        (body armour unavailable)
rPois   +            (helmet currently unavailable)
rElec   .            (cloak currently unavailable)
rCorr   .            (gloves currently unavailable)
SInv    +            (boots currently unavailable)
Will    .....        (no amulet)
Stlth   +            h - ring of see invisible
HPRegen 0.32/turn    (no ring)
MPRegen 0.10/turn

%: no passive effects
@: on fire, tree-form, glowing
A: stationary, stasis, torment immunity, boosted hp, AC +6, unfitting armour,
(cold-blooded)
a: no special abilities


You were on level 5 of the Dungeon.
You were a tree.
You visited 1 branch of the dungeon, and saw 5 of its levels.

You collected 233 gold pieces.

Inventory:

Armour
 i - a +0 hat
 o - a +2 pair of gloves
Jewellery
 h - a ring of see invisible (left branch)
Talismans
 b - a beast talisman
 c - a flux talisman
Wands
 k - a wand of charming (5)
 l - a wand of digging (4)
Scrolls
 g - a scroll of identify
 j - 2 scrolls of vulnerability {unknown}
 n - 2 scrolls of teleportation {unknown}
 p - a scroll of revelation {unknown}
 q - a scroll of acquirement {unknown}
 r - a scroll of fear
Potions
 e - 2 potions of attraction
 m - a potion of enlightenment


   Skills:
 + Level 2.1 Fighting
 + Level 2.8 Dodging
 + Level 1.2 Stealth
 + Level 5.6 Unarmed Combat
 * Level 4.2 Shapeshifting


You had 5 spell levels left.
You didn't know any spells.
Your spell library contained the following spells:

 Spells                   Type           Power      Damage    Failure   Level
 Call Imp                 Summ           0%         N/A       50%         2
 Sublimation of Blood     Necr           0%         N/A       50%         2
 Frozen Ramparts          Ice            0%         1d1       75%         3
 Leda's Liquefaction      Alch/Erth      0%         N/A       98%         4
 Petrify                  Alch/Erth      0%         N/A       98%         4
 Metabolic Englaciation   Hex/Ice        0%         N/A       100%        5
 Summon Hydra             Summ           0%         N/A       100%        7


Dungeon Overview and Level Annotations

Branches:
Dungeon (5/15)
 Temple: D:4-7

Altars:
Xom


Innate Abilities, Weirdness & Mutations

You are a tree.
Your roots penetrate the ground, keeping you stationary.
You cannot be teleported.
You are immune to unholy pain and torment.
Your maximum health is greatly increased.
Your equipment is partially melded.
((Your plain brown scales are hard. (AC +6)))
You cannot fit into any form of body armour.
((You are cold-blooded and may be slowed by cold attacks.))


Message History

The sleepcap releases spores at you but does no damage.
You smack the sleepcap!
The sleepcap is almost destroyed.
The liquid fire burns you! The sleepcap releases spores at you.
* * * LOW HITPOINT WARNING * * *
You hit the sleepcap.
The sleepcap is almost destroyed.
The liquid fire burns you!
* * * LOW HITPOINT WARNING * * *
The sleepcap releases spores at you but does no damage.
You smack the sleepcap!
You destroy the sleepcap!
The liquid fire burns you!
* * * LOW HITPOINT WARNING * * *
You are on fire!
You are on fire!
The liquid fire burns you!
* * * LOW HITPOINT WARNING * * *
The liquid fire burns you!
* * * LOW HITPOINT WARNING * * *
You feel much better. The liquid fire burns you!
You are on fire!
You are on fire!
The liquid fire burns you! The liquid fire burns you!
* * * LOW HITPOINT WARNING * * *
The liquid fire burns you!
* * * LOW HITPOINT WARNING * * *
The liquid fire burns you!
* * * LOW HITPOINT WARNING * * *
The liquid fire burns you!
* * * LOW HITPOINT WARNING * * *
The liquid fire burns you!
* * * LOW HITPOINT WARNING * * *
Okay, then.
You are on fire!
The liquid fire burns you!
You die...

##....## .# ##.....#
## # ##...)..# #.
#......## #..
##.....######## #...
####.......... .....
#####..........
......##......########
.......♣....###
........##..#
.....#####..# ....
#..# ... .... ..
..#... . #####.. ##.


There were no monsters in sight!

Vanquished Creatures
  An ogre (D:4)
  A bombardier beetle (D:5)
  A jelly (D:3)
  3 hounds
  A sleepcap (D:5)
  8 adders
  A dart slug (D:2)
  2 ribbon worms (D:2)
  An orc (D:4)
  6 ball pythons
  5 endoplasms
  3 giant cockroaches
  4 goblins
  8 hobgoblins
  8 jackals
  3 bats
  A frilled lizard (D:1)
  9 kobolds
  A rat (D:2)
67 creatures vanquished.

Notes
Turn   | Place    | Note
-------+----------+-------------------------------------------
     0 | D:1      | hawla the Draconian Shapeshifter began the quest for the
                  | Orb.
     0 | D:1      | Reached XP level 1. HP: 16/16 MP: 1/1
   297 | D:1      | Reached XP level 2. HP: 23/23 MP: 2/2
   879 | D:2      | Reached XP level 3. HP: 28/28 MP: 3/3
  1212 | D:2      | Found a faded altar of an unknown god.
  1286 | D:2      | Reached skill level 4 in Unarmed Combat
  1287 | D:2      | Reached XP level 4. HP: 35/35 MP: 4/4
  1671 | D:3      | Found a shimmering altar of Xom.
  1904 | D:3      | Reached XP level 5. HP: 31/41 MP: 5/5
  2578 | D:4      | Noticed an ogre
  2591 | D:4      | Killed an ogre
  2592 | D:4      | Reached skill level 1 in Stealth
  2592 | D:4      | Reached skill level 5 in Unarmed Combat
  2592 | D:4      | Reached XP level 6. HP: 19/48 MP: 6/6
  2849 | D:5      | Entered Level 5 of the Dungeon
  3097 | D:5      | Incinerated by a bombardier beetle

Illustrated notes

Levels and vault maps discovered:
D:1:      giann_horns, layout_basic, minivault_11
D:2:      layout_loops_ring, dreamdust_ecumenical_altar_hidden_monk_grotto
D:3:      layout_rooms, mainiacjoe_overflow_catwalk
D:4:      layout_basic, hangedman_feature_mirror
D:5:      layout_cave_pods, nicolae_hepliaklqana_monster_ancestors,
          minmay_temple_entry_butterflies, serial_column_ruins,
          column_ruins_hut, column_ruins_open_tiny_water,
          column_ruins_open_small_water, column_ruins_corridor_corner,
          grunt_tough_drop

Skill      XL: |  1  2  3  4  5 |
---------------+----------------+-----
Dodging        | 2 |  2.8
Unarmed Combat | 4 5 |  5.6
Fighting       | 2 |  2.1
Stealth        | 1 |  1.2
Shapeshifting  | 4 |  4.2

Action                     |  1- 3 |  4- 6 || total
---------------------------+-------+-------++-------
  Melee: Unarmed           |    95 |   149 ||   244
         Punch             |     3 |     4 ||     7
         Tailslap          |     4 |    16 ||    20
    Use: Scroll            |     3 |     3 ||     6
         Potion            |       |     3 ||     3
   Stab: Sleeping          |       |     1 ||     1
 Armour: Skin              |    44 |    86 ||   130
  Dodge: Dodged            |    66 |    82 ||   148
